[Event "Kezmarok Chess Open 2022"]
[Site "Kezmarok"]
[Date "2022.09.25"]
[Round "3.4"]
[White "Kovac, Lubomir"]
[Black "Jablonicky, Martin"]
[Result "0-1"]
[ECO "A57"]
[WhiteElo "2091"]
[BlackElo "2344"]
[Annotator "TA"]
[PlyCount "60"]
[EventDate "2022.09.24"]
[EventType "swiss"]
[EventCountry "SVK"]
[SourceTitle "playchess.com"]
[Source "ChessBase"]
[SourceQuality "1"]
[TimeControl "40/5400+30:1800+30"]

1. d4 Nf6 2. c4 c5 3. d5 b5 4. cxb5 a6 5. b6 Qxb6 6. Nc3 d6 7. a4 g6 8. a5 Qb7 {[%emt 0:00:40] A57: Benko/Volga Gambit.} 9. e4 Bg7 10. Be2 O-O {[%emt 0:00:10] The position is equal.} 11. Nf3 Bg4 12. Nd2 Bxe2 13. Qxe2 Nbd7 14. Nc4 Ne8 15. O-O Nc7 16. Na4 Nb5 17. Nab6 Nxb6 18. Nxb6 Rae8 {[%emt 0:00:07] [#]} 19. Bf4 $146 ({Predecessor:} 19. Qg4 f5 20. Qh3 Nd4 21. Bh6 Bxh6 22. Qxh6 fxe4 23. Rae1 Rf7 24. Rxe4 Nb3 25. Ra4 Nxa5 26. Rxa5 Qxb6 {0-1 (40) Pricopie,S (1616)-Vaculik,J (1850) Prague 2012}) 19... e6 {[%emt 0:03:22] [#] Strongly threatening ...exd5.} 20. Qd2 exd5 21. exd5 Re4 22. Be3 (22. Rfe1 $11 {remains equal.} Rfe8 23. f3 Bd4+ 24. Kf1) 22... Rfe8 23. Ra4 Nd4 {[%emt 0:11:24] Black is much more active. The white rooks are badly placed.} (23... Bd4 $17 24. Bxd4 Nxd4) 24. Qd3 f5 25. b3 {[%emt 0:05:12] [#]} ({White should play} 25. Rc4 $1 $15) 25... f4 $1 $36 {[%emt 0:05:02][%mdl 2048] Black has strong initiative.} 26. Bxd4 Bxd4 ({Not} 26... Rxd4 27. Rxd4 Bxd4 28. Kh1 $11) 27. Qf3 $2 (27. Ra2 {is more resistant.}) 27... Qe7 $19 {[%emt 0:05:40] And now ...Re1 would win.} 28. h3 (28. Ra2 $142 Re1 29. g4 fxg3 30. hxg3) 28... Re1 {[%emt 0:00:36] ( -> ...Rxf1+)} 29. Rxe1 Qxe1+ 30. Kh2 Bxf2 {[%emt 0:00:31] Weighted Error Value: White=0.87/Black=0.04 (flawless)} 0-1

[Event "Kezmarok Chess Open 2022"]
[Site "Kezmarok"]
[Date "2022.09.25"]
[Round "3.5"]
[White "Wisniewski, Michal"]
[Black "Walter, Ema"]
[Result "1/2-1/2"]
[ECO "A09"]
[WhiteElo "2152"]
[BlackElo "2062"]
[Annotator "TA"]
[PlyCount "81"]
[EventDate "2022.09.24"]
[EventType "swiss"]
[EventCountry "SVK"]
[SourceTitle "playchess.com"]
[Source "ChessBase"]
[SourceQuality "1"]
[TimeControl "40/5400+30:1800+30"]

1. Nf3 d5 2. c4 d4 3. d3 Nc6 4. Nbd2 e5 5. g3 Be7 6. Bg2 {[#] A09: Réti Opening: 1 Nf3 d5 2 c4.} Be6 $146 ({Black should play} 6... Nf6 $17) ({Predecessor:} 6... a5 7. a3 a4 8. b4 Nf6 9. b5 Nb8 10. Nxe5 O-O 11. O-O Re8 12. Nef3 Nbd7 13. Nxd4 {1-0 (13) Heck,N (2249)-Hirn,O (2188) Magdeburg 2022}) 7. a3 Qd7 (7... a5 $1 $15) 8. b4 f6 9. Qa4 Nh6 10. Ne4 Nf7 $1 11. Rb1 O-O 12. Nc5 Bxc5 13. bxc5 Ncd8 ({Black should try} 13... Nfd8 $17) 14. Qxd7 $11 Bxd7 15. Nd2 Rb8 16. O-O Bc6 17. Bd5 Bd7 (17... Re8 {with more complications.} 18. f4 b6 19. Ne4 f5) 18. Nb3 c6 (18... Bh3 $11) 19. Bg2 $1 $14 Ne6 20. a4 b6 21. Ba3 Rfc8 $1 22. cxb6 axb6 23. c5 (23. f4 $14) 23... b5 $11 24. a5 (24. Na5 $5 ) 24... b4 25. Bb2 Rb5 26. Rfc1 Nfd8 27. e3 $1 Nb7 28. exd4 {[#] Black must now prevent d5.} exd4 29. Bxd4 Nxa5 30. Be3 {Strongly threatening Nxa5.} Ra8 (30... Nxb3 $11 {remains equal.} 31. Rxb3 Ra8) 31. d4 (31. Ra1 $16) 31... Nc7 32. Bd2 Nxb3 33. Rxb3 Ne6 34. Be3 Ra3 35. Rcb1 Nc7 36. Bf1 ({Avoid the trap} 36. Rxb4 $2 Rxb4 37. Re1 (37. Rxb4 {is a self mate.} Ra1+) 37... Nd5 $19) 36... Rxb3 37. Rxb3 Rb7 38. Bd2 Ne6 39. Rxb4 Rxb4 40. Bxb4 Nxd4 41. f4 {Weighted Error Value: White=0.19 (very precise) /Black=0.23 (precise)} 1/2-1/2

[Event "Kezmarok Chess Open 2022"]
[Site "Kezmarok"]
[Date "2022.09.25"]
[Round "3.6"]
[White "Fizer, Marek"]
[Black "Sosovickova, Jana"]
[Result "0-1"]
[ECO "C77"]
[WhiteElo "1963"]
[BlackElo "2039"]
[Annotator "TA"]
[PlyCount "54"]
[EventDate "2022.09.24"]
[EventType "swiss"]
[EventCountry "SVK"]
[SourceTitle "playchess.com"]
[Source "ChessBase"]
[SourceQuality "1"]
[TimeControl "40/5400+30:1800+30"]

1. e4 e5 2. Nf3 Nc6 3. Bb5 a6 4. Ba4 Nf6 5. d3 b5 6. Bb3 Bc5 7. O-O O-O 8. c3 {C78: Ruy Lopez: Archangelsk and Möller Defences.} h6 (8... d6 $11) 9. Nbd2 (9. d4 $14 {was preferrable.} Bb6 10. Nxe5) 9... d6 10. h3 {The position is equal.} Bb6 11. Re1 Ne7 12. Nf1 Ng6 13. Ng3 Re8 14. a4 Rb8 15. Be3 c5 16. Qd2 Be6 17. Bxe6 {[#]} Rxe6 $146 ({Predecessor:} 17... fxe6 18. d4 exd4 19. cxd4 Ba5 20. Qc2 Bxe1 21. e5 cxd4 22. Rxe1 dxe3 23. Qxg6 exf2+ 24. Kxf2 dxe5 25. Rxe5 {0-1 (30) Benadikar,S (1872)-Narayanan,S (2370) Mumbai 2009}) 18. a5 Ba7 19. b4 Rb7 20. bxc5 dxc5 21. Nf5 Rd7 22. Bxh6 $2 {[#]} gxh6 (22... Rxd3 $19 {is more deadly.} 23. Qg5 gxh6 24. Nxh6+ Kf8) 23. Qxh6 Qf8 {Inhibits Qg7+. Hoping for ...Qxh6.} 24. Qg5 (24. Ng5 $2 Rc6 25. Rad1 Qxh6 26. Nxh6+ Kf8) 24... Nh7 25. Qh5 {[#]} (25. Qg4) 25... Nf4 $1 $19 ({Don't go for} 25... Rxd3 $2 26. Nh6+ Kh8 27. Ng5 Nxg5 28. Nxf7+ Kg7 29. Nxg5 $19) 26. Qh4 Qd8 ({Not} 26... Rxd3 27. Red1 c4 28. Nxe5 $19) 27. Nh6+ Kf8 {Weighted Error Value: White=0.39/Black=0.15 (very precise)} 0-1

[Event "Kezmarok Chess Open 2022"]
[Site "Kezmarok"]
[Date "2022.09.25"]
[Round "3.7"]
[White "Kapolkova, Greta"]
[Black "Elias, David"]
[Result "0-1"]
[ECO "B52"]
[WhiteElo "1723"]
[BlackElo "1988"]
[Annotator "NA RC"]
[PlyCount "60"]
[EventDate "2022.09.24"]
[EventType "swiss"]
[EventCountry "SVK"]
[SourceTitle "playchess.com"]
[Source "ChessBase"]
[SourceQuality "1"]
[TimeControl "40/5400+30:1800+30"]

1. e4 c5 2. Nf3 d6 3. Bb5+ Bd7 4. Bxd7+ Qxd7 5. d4 cxd4 6. Nxd4 Nf6 7. Nc3 g6 8. Be3 Ng4 9. Bc1 Bg7 10. f3 Nf6 11. Be3 O-O 12. Qd2 Nc6 13. O-O-O Ne5 14. g4 Nc4 15. Qd3 Nxe3 16. Qxe3 Rfc8 17. h4 h5 18. gxh5 Nxh5 19. Rd3 Rc4 20. Rhd1 Rac8 21. Nde2 b5 22. R3d2 Kh7 23. f4 b4 24. b3 bxc3 25. Rd5 R4c6 26. e5 Qb7 27. R1d4 dxe5 28. fxe5 Bh6 29. Nf4 Nxf4 30. Rxf4 Rf6 0-1

[Event "Kezmarok Chess Open 2022"]
[Site "Kezmarok"]
[Date "2022.09.25"]
[Round "3.8"]
[White "Juracak, David"]
[Black "Belus, Benjamin"]
[Result "1/2-1/2"]
[ECO "D37"]
[WhiteElo "1708"]
[BlackElo "1932"]
[Annotator "TA"]
[PlyCount "95"]
[EventDate "2022.09.24"]
[EventType "swiss"]
[EventCountry "SVK"]
[SourceTitle "playchess.com"]
[Source "ChessBase"]
[SourceQuality "1"]
[TimeControl "40/5400+30:1800+30"]

1. d4 d5 2. c4 e6 3. Nf3 Nf6 4. Nc3 Be7 5. e3 O-O 6. b3 b6 7. Bb2 $1 {[%mdl 4] is currently scoring better than 7.Bd3. D37: Queen's Gambit Declined: 5 Bf4.} (7. cxd5 {seems wilder.} Bb4 8. Bb2 Nxd5 9. Rc1) 7... Bb7 8. Rc1 Nbd7 9. cxd5 {The position is equal.} Nxd5 10. Bd3 c5 11. O-O Rc8 12. Qe2 {[#]} Bf6 $146 ({Predecessor:} 12... N7f6 13. Rfd1 cxd4 14. Nxd5 Nxd5 15. Nxd4 Rxc1 16. Rxc1 Nb4 17. Bb1 Qd5 18. Qg4 f5 19. Nxf5 {1-0 (19) Ontiveros,J (1730)-Kjartansson,O (1984) Reykjavik 2015}) 13. Rfd1 (13. Nxd5 $14 exd5 14. Rfd1) 13... Qe7 (13... Nxc3 $11 14. Rxc3 Qe7) 14. Ne4 cxd4 15. Nxf6+ ({But not} 15. Bxd4 Bxd4 16. Nxd4 f5 $15) (15. exd4 Nf4 16. Qe3 Nxd3 17. Qxd3 Qb4 $15) 15... N7xf6 16. Nxd4 Rfd8 17. Nb5 Ba8 (17... Rxc1 $11 18. Rxc1 a6) 18. Ba3 {A strong pair of Bishops.} Qb7 {[#] White must now prevent ...Rxc1.} 19. Nd6 {White is more active.} Rxd6 20. Rxc8+ Qxc8 21. Bxd6 {aiming for e4.} Nc3 {[%csl LRd1,LRe2] Against e4} 22. Qc2 Qb7 {[%csl Ga8][%cal Rb7g2] [#]} 23. f3 Nxd1 24. Qxd1 Qd5 25. Be7 Ne8 26. Qc2 f5 27. Bc4 Qe5 28. Kf2 (28. Bg5 $5 ) 28... Bd5 (28... Nf6 {looks sharper.} 29. Qd2 Nd5 30. Bxd5 Qxd5 31. Qc3 Bc6) 29. Bb5 (29. Bf1 {feels hotter.} Nf6 30. h3 h6 31. Qc1) 29... Qc7 {Inhibits Qc8.} ({Black should play} 29... Nd6 $11) 30. Qxc7 $14 Nxc7 {[%mdl 4096] Endgame KBB-KBN} 31. Bd3 Bc6 32. Bd6 Nb5 (32... Nd5 $16 {was worth a try.}) 33. Bxb5 (33. Be5 $18) 33... Bxb5 $18 {KB-KB} 34. Bb8 a5 35. Bc7 a4 36. bxa4 Bxa4 37. Bxb6 Kf7 38. e4 fxe4 39. fxe4 Ke7 40. Ke3 Kd6 41. Bd4 e5 42. Bc3 g6 43. Bb4+ Ke6 44. g3 Bc6 45. Kd3 Kf6 46. Bf8 Ke6 47. Bg7 Kd6 48. a3 {Weighted Error Value: White=0.19 (very precise) /Black=0.19 (very precise)} 1/2-1/2

[Event "Kezmarok Chess Open 2022"]
[Site "Kezmarok"]
[Date "2022.09.25"]
[Round "3.9"]
[White "Bochnickova, Simona"]
[Black "Fizerova, Lucie"]
[Result "1-0"]
[ECO "C42"]
[WhiteElo "1903"]
[BlackElo "1779"]
[Annotator "TA"]
[PlyCount "53"]
[EventDate "2022.09.24"]
[EventType "swiss"]
[EventCountry "SVK"]
[SourceTitle "playchess.com"]
[Source "ChessBase"]
[SourceQuality "1"]
[TimeControl "40/5400+30:1800+30"]

1. e4 e5 2. Nf3 Nf6 3. Nc3 Bb4 4. Nxe5 O-O 5. Nd3 Bxc3 6. dxc3 Nxe4 7. Be2 d5 {7...Re8 is the fancy move.} 8. O-O Nc6 {[%cal Bb8c6,Bc6e7,Be7f5,Bf5h4,Bh4g2][%mdl 32] C42: Petroff Defence: 3 Nxe5 and unusual White 3rd moves.} 9. Be3 {[#]} Bf5 $146 ({Predecessor:} 9... Be6 10. f3 Nd6 11. Nf4 Nf5 12. Bf2 Qd6 13. Qd2 Rad8 14. Bd3 Ne5 15. Rfe1 Nxd3 16. cxd3 Rfe8 17. d4 Bd7 18. Nd3 c6 19. Rxe8+ Rxe8 20. Re1 Rxe1+ 21. Qxe1 f6 22. Bg3 {½-½ (22) Nordstrom,F (2178)-Winge,S (2275) Sweden 1999}) 10. Bf3 Re8 {The position is equal.} 11. Nf4 Ne7 12. Qd4 Nf6 13. Qd2 c6 14. Rad1 Bg4 15. Bd4 (15. Bxg4 $11 Nxg4 16. Bd4) 15... Bxf3 $17 16. gxf3 {[#] Strongly threatening Bxf6.} Nf5 17. Kh1 Nh4 {Pair of Knights!} 18. Qd3 Qd6 19. Ng2 Nxg2 20. Kxg2 Nh5 {[#] Hoping for ...Nf4+.} 21. Kh1 Re6 22. Rg1 Rh6 (22... g6 $17 {White must now prevent ...Nf4.} 23. Be3 b5) 23. Qf5 Re8 (23... Nf6 $15 24. Be5 Qe6 25. Qxe6 fxe6) 24. Rde1 {White is more active.} (24. Qg5 $14) 24... Ree6 $2 (24... Nf6 $11 {and Black has nothing to worry.} 25. f4 Rxe1 26. Rxe1 Qd8) 25. Be3 $18 {The board is on fire.} Rhf6 (25... Qe7) 26. Qxh5 Re5 (26... b6 $142 27. c4 h6 28. cxd5 Qxd5 29. Qxd5 cxd5) 27. Qg4 {Weighted Error Value: White=0.24 (precise) /Black=0.44} 1-0

[Event "Kezmarok Chess Open 2022"]
[Site "Kezmarok"]
[Date "2022.09.25"]
[Round "3.10"]
[White "Ropovik, Samuel"]
[Black "Striskova, Lucia"]
[Result "1-0"]
[ECO "C47"]
[WhiteElo "1497"]
[BlackElo "1866"]
[Annotator "NA RC COMBH"]
[PlyCount "55"]
[EventDate "2022.09.24"]
[EventType "swiss"]
[EventCountry "SVK"]
[SourceTitle "playchess.com"]
[Source "ChessBase"]
[SourceQuality "1"]
[TimeControl "40/5400+30:1800+30"]

1. e4 e5 2. Nf3 Nc6 3. Nc3 Nf6 4. d4 exd4 5. Nxd4 Bb4 6. Nxc6 bxc6 7. Bd3 O-O 8. O-O d5 9. Bd2 Re8 10. Nxd5 cxd5 11. Bxb4 dxe4 12. Be2 Nd5 13. Bd2 Rb8 14. c4 Nb4 15. Bxb4 Rxb4 16. Qxd8 Rxd8 17. Rad1 Re8 18. b3 Be6 19. Rd4 f5 20. f3 exf3 21. Bxf3 g6 22. Bc6 Reb8 23. Re1 Kf7 24. Bd7 R4b6 25. Bxe6+ Rxe6 26. Rd7+ Kf6 27. Rxe6+ Kxe6 28. Rxc7 1-0

[Event "Kezmarok Chess Open 2022"]
[Site "Kezmarok"]
[Date "2022.09.25"]
[Round "3.11"]
[White "Mirowska, Oliwia"]
[Black "Velychko, Semen"]
[Result "1/2-1/2"]
[ECO "A45"]
[WhiteElo "1856"]
[BlackElo "1604"]
[Annotator "NA RC COMBH"]
[PlyCount "60"]
[EventDate "2022.09.24"]
[EventType "swiss"]
[EventCountry "SVK"]
[SourceTitle "playchess.com"]
[Source "ChessBase"]
[SourceQuality "1"]
[TimeControl "40/5400+30:1800+30"]

1. d4 Nf6 2. Bf4 g6 3. e3 Bg7 4. Nf3 O-O 5. h3 d5 6. c3 c5 7. Bd3 b6 8. Nbd2 Nc6 9. O-O Nd7 10. Bb5 Bb7 11. Nh2 e5 12. dxe5 Ndxe5 13. Ndf3 Nxf3+ 14. Qxf3 Ne5 15. Qg3 Qe7 16. Ng4 f6 17. Bh6 Nxg4 18. Bxg7 Kxg7 19. Qxg4 a6 20. Qd7 Qxd7 21. Bxd7 Rfd8 22. Bg4 Bc8 23. Bf3 Be6 24. Rfd1 Ra7 25. Kf1 Rad7 26. Ke1 f5 27. b3 Kf6 28. Ke2 b5 29. Rac1 g5 30. g4 h6 1/2-1/2

[Event "Kezmarok Chess Open 2022"]
[Site "Kezmarok"]
[Date "2022.09.25"]
[Round "3.12"]
[White "Horbalova, Ivana"]
[Black "Janik, Marek Tobias"]
[Result "0-1"]
[ECO "A04"]
[WhiteElo "1286"]
[BlackElo "1823"]
[Annotator "NA RC COMBH"]
[PlyCount "75"]
[EventDate "2022.09.24"]
[EventType "swiss"]
[EventCountry "SVK"]
[SourceTitle "playchess.com"]
[Source "ChessBase"]
[SourceQuality "1"]
[TimeControl "40/5400+30:1800+30"]

1. Nf3 c5 2. c4 Nc6 3. Nc3 e5 4. d3 g6 5. g3 Bg7 6. Ne4 d6 7. Bg2 Nge7 8. Bg5 h6 9. Bf6 O-O 10. Nfd2 Bf5 11. Bxg7 Kxg7 12. h4 Bxe4 13. Nxe4 f5 14. Nc3 Nd4 15. e3 Ndc6 16. f4 h5 17. Qe2 Rb8 18. Bf3 a6 19. Bxc6 Nxc6 20. Nd5 Re8 21. Kf2 b5 22. a3 bxc4 23. dxc4 Rb3 24. Qc2 Qb8 25. Rab1 Qb7 26. Rhd1 Rb8 27. Rd2 exf4 28. Nxf4 Ne5 29. Nd5 Rxa3 30. bxa3 Qxb1 31. Nf4 Ng4+ 32. Ke2 Qg1 33. Qc3+ Kh7 34. Rxd6 Qf2+ 35. Kd3 Ne5+ 36. Qxe5 Rb3+ 37. Qc3 Rxc3+ 38. Kxc3 0-1

[Event "Kezmarok Chess Open 2022"]
[Site "Kezmarok"]
[Date "2022.09.25"]
[Round "3.14"]
[White "Rak, Martin"]
[Black "Smetana, Peter"]
[Result "1/2-1/2"]
[ECO "B54"]
[WhiteElo "1805"]
[BlackElo "1715"]
[Annotator "NA RC COMBH"]
[PlyCount "81"]
[EventDate "2022.09.24"]
[EventType "swiss"]
[EventCountry "SVK"]
[SourceTitle "playchess.com"]
[Source "ChessBase"]
[SourceQuality "1"]
[TimeControl "40/5400+30:1800+30"]

1. e4 c5 2. Nf3 d6 3. d4 cxd4 4. Nxd4 Nc6 5. c4 g6 6. Nc3 Bg7 7. Be3 Qb6 8. Nb3 Bxc3+ 9. bxc3 Qc7 10. Bd4 e5 11. Be3 Be6 12. Qd3 Kf8 13. c5 dxc5 14. Bxc5+ Kg7 15. Bd6 Qc8 16. Nc5 b6 17. Na6 Qd7 18. Rd1 Nf6 19. Qb5 Rad8 20. Bf8+ Rhxf8 21. Rxd7 Bxd7 22. Qb1 Be6 23. Nc7 Rd6 24. Nxe6+ Rxe6 25. Be2 Rd8 26. O-O Red6 27. f3 Rd2 28. Kf2 Nh5 29. g3 Nf6 30. Rd1 Rxd1 31. Bxd1 Rd2+ 32. Be2 Na5 33. Ke3 Rd6 34. Qb5 Nc6 35. Qa6 Nd7 36. Qb7 Ndb8 37. f4 Rd7 38. Qc8 exf4+ 39. gxf4 Rd8 40. Qh3 Ne7 41. Bd3 $16 1/2-1/2

[Event "Kezmarok Chess Open 2022"]
[Site "Kezmarok"]
[Date "2022.09.25"]
[Round "3.15"]
[White "Velychko, Sofiya"]
[Black "Sekova, Olivia"]
[Result "0-1"]
[ECO "B54"]
[WhiteElo "1371"]
[BlackElo "1797"]
[Annotator "NA RC COMBH"]
[PlyCount "66"]
[EventDate "2022.09.24"]
[EventType "swiss"]
[EventCountry "SVK"]
[SourceTitle "playchess.com"]
[Source "ChessBase"]
[SourceQuality "1"]
[TimeControl "40/5400+30:1800+30"]

1. e4 c5 2. Nf3 d6 3. d4 cxd4 4. Nxd4 Nc6 5. Nc3 e5 6. Nf3 Be7 7. a4 Be6 8. Be2 h6 9. Nd5 Nf6 10. Nxe7 Qxe7 11. Bd3 O-O 12. O-O Rfd8 13. Re1 Rac8 14. h3 Qc7 15. Be3 d5 16. exd5 Rxd5 17. c4 Rdd8 18. Qb1 Rxd3 19. Qxd3 e4 20. Qe2 exf3 21. Qxf3 Bxc4 22. Bxh6 Nd4 23. Qd1 Rd8 24. Bd2 Nb3 25. Rb1 Rxd2 26. Qf3 Bd5 27. Qe3 Ne4 28. f3 Qg3 29. Re2 Rxe2 30. Qxe2 Ned2 31. Qe8+ Kh7 32. Kh1 Nxf3 33. gxf3 Bxf3# 0-1

[Event "Kezmarok Chess Open 2022"]
[Site "Kezmarok"]
[Date "2022.09.25"]
[Round "3.16"]
[White "Hagara, Eduard"]
[Black "Mazak, Ryan"]
[Result "1-0"]
[ECO "A00"]
[WhiteElo "1734"]
[BlackElo "1590"]
[Annotator "NA RC COMBH"]
[PlyCount "92"]
[EventDate "2022.09.24"]
[EventType "swiss"]
[EventCountry "SVK"]
[SourceTitle "playchess.com"]
[Source "ChessBase"]
[SourceQuality "1"]
[TimeControl "40/5400+30:1800+30"]

1. a3 f5 2. b4 Nf6 3. Nc3 d5 4. e3 c6 5. f4 e6 6. Nf3 Bd6 7. Bb2 O-O 8. Ne2 Bd7 9. Ng3 Be8 10. c4 a5 11. c5 Be7 12. Ng5 Bf7 13. Be2 Ne4 14. Nxf7 Rxf7 15. d3 Bf6 16. Bxf6 Nxf6 17. O-O d4 18. e4 Nbd7 19. Bf3 fxe4 20. dxe4 e5 21. Nf5 b6 22. fxe5 Nxe5 23. Qxd4 Qxd4+ 24. Nxd4 bxc5 25. bxc5 Rd8 26. Nf5 Rfd7 27. Ra2 Rd2 28. Rf2 Nxf3+ 29. gxf3 Rxa2 30. Rxa2 Rd1+ 31. Kg2 Kf7 32. Rc2 Ra1 33. Rc3 Ra2+ 34. Kh3 h5 35. Nd4 g5 36. Nxc6 g4+ 37. Kg3 h4+ 38. Kf4 Rxh2 39. Ne5+ Ke6 40. Nxg4 Nxg4 41. Kxg4 Kd7 42. f4 Re2 43. Kxh4 Rxe4 44. Kg5 Kc6 45. f5 Re1 46. Kg6 Kd5 1-0

[Event "Kezmarok Chess Open 2022"]
[Site "Kezmarok"]
[Date "2022.09.25"]
[Round "3.17"]
[White "Rakovsky, Jakub"]
[Black "Kolek, Stefan"]
[Result "1-0"]
[ECO "A40"]
[WhiteElo "2012"]
[BlackElo "1524"]
[Annotator "NA RC"]
[PlyCount "73"]
[EventDate "2022.09.24"]
[EventType "swiss"]
[EventCountry "SVK"]
[SourceTitle "playchess.com"]
[Source "ChessBase"]
[SourceQuality "1"]
[TimeControl "40/5400+30:1800+30"]

1. d4 e6 2. c4 d5 3. Nf3 Nf6 4. g3 Bd7 5. Ne5 Bd6 6. Nxd7 Qxd7 7. Nc3 c6 8. cxd5 Nxd5 9. e4 Nb6 10. Bg2 O-O 11. O-O Qd8 12. Qg4 Re8 13. e5 Bf8 14. Ne4 Nd5 15. Bg5 Qc8 16. Rae1 Nd7 17. Nc3 Kh8 18. Bxd5 exd5 19. Qf3 h6 20. Bd2 f6 21. e6 Nb6 22. Qg4 Nc4 23. Bc1 Be7 24. f4 Nd6 25. f5 Rg8 26. Qh3 Kh7 27. Rf4 g5 28. Rf3 Qf8 29. g4 Kg7 30. Qg2 Rh8 31. h4 h5 32. hxg5 h4 33. gxf6+ Bxf6 34. Be3 Qe7 35. g5 h3 36. gxf6+ Kxf6 37. Qg6# 1-0

[Event "Kezmarok Chess Open 2022"]
[Site "Kezmarok"]
[Date "2022.09.25"]
[Round "3.18"]
[White "Hanina, Marcel"]
[Black "Skapikova, Lubica"]
[Result "0-1"]
[ECO "A01"]
[WhiteElo "1411"]
[BlackElo "1823"]
[Annotator "NA RC COMBH"]
[PlyCount "52"]
[EventDate "2022.09.24"]
[EventType "swiss"]
[EventCountry "SVK"]
[SourceTitle "playchess.com"]
[Source "ChessBase"]
[SourceQuality "1"]
[TimeControl "40/5400+30:1800+30"]

1. b3 d5 2. Bb2 Bf5 3. Nf3 e6 4. e3 Nf6 5. Be2 Nbd7 6. O-O Bd6 7. d3 O-O 8. Nbd2 e5 9. Re1 e4 10. dxe4 dxe4 11. Nd4 Bg6 12. c4 a6 13. Qc1 c5 14. Nc2 Qc7 15. Nf1 Ne5 16. Ng3 Nd3 17. Bxd3 exd3 18. Na3 Ng4 19. Qd2 Rad8 20. Rad1 h5 21. h3 Nxf2 22. Kxf2 Bxg3+ 23. Kg1 Be4 24. Rf1 Rd6 25. Nb1 Rg6 26. Nc3 Bh2+ 0-1

[Event "Kezmarok Chess Open 2022"]
[Site "Kezmarok"]
[Date "2022.09.26"]
[Round "4.1"]
[White "Berezjuk, Sergej"]
[Black "Dubessay, Bastien"]
[Result "1/2-1/2"]
[ECO "C01"]
[WhiteElo "2382"]
[BlackElo "2259"]
[Annotator "ChessBase"]
[PlyCount "31"]
[EventDate "2022.09.24"]
[EventType "swiss"]
[EventCountry "SVK"]
[SourceTitle "playchess.com"]
[Source "ChessBase"]
[SourceQuality "1"]
[TimeControl "40/5400+30:1800+30"]

1. e4 e6 2. d4 d5 3. exd5 exd5 4. Nf3 Nf6 5. Bd3 c5 6. O-O c4 7. Re1+ Be7 8. Bf1 O-O 9. b3 cxb3 10. axb3 Bg4 11. Be2 Nc6 12. Ne5 Bxe2 13. Rxe2 Nxe5 14. dxe5 Ne4 15. Be3 Qc7 16. f3 1/2-1/2

[Event "Kezmarok Chess Open 2022"]
[Site "Kezmarok"]
[Date "2022.09.26"]
[Round "4.2"]
[White "Jablonicky, Martin"]
[Black "Demeter, Peter"]
[Result "1-0"]
[ECO "B33"]
[WhiteElo "2344"]
[BlackElo "2067"]
[Annotator "ChessBase"]
[PlyCount "59"]
[EventDate "2022.09.24"]
[EventType "swiss"]
[EventCountry "SVK"]
[SourceTitle "playchess.com"]
[Source "ChessBase"]
[SourceQuality "1"]
[TimeControl "40/5400+30:1800+30"]

1. Nf3 c5 2. e4 Nc6 3. d4 cxd4 4. Nxd4 Nf6 5. Nc3 g6 6. Nxc6 bxc6 7. e5 Nd5 8. Nxd5 cxd5 9. Qxd5 Rb8 10. e6 Bg7 11. exf7+ Kf8 12. Bh6 Bxh6 13. Qe5 Bg7 14. Qxb8 Qa5+ 15. Kd1 Qc5 16. Ba6 Kxf7 17. Qf4+ Ke8 18. Bxc8 Qxc8 19. Re1 e6 20. c3 Rf8 21. Qa4 Rxf2 22. Rxe6+ Kf8 23. Re2 Rf1+ 24. Re1 Rf2 25. Qxa7 Rxg2 26. Rc1 Qc6 27. Qb8+ Kf7 28. Qe8+ Kf6 29. Qe5+ Kf7 30. Rf1+ 1-0

[Event "Kezmarok Chess Open 2022"]
[Site "Kezmarok"]
[Date "2022.09.26"]
[Round "4.3"]
[White "Sosovickova, Jana"]
[Black "Hagarova, Zuzana"]
[Result "0-1"]
[ECO "C01"]
[WhiteElo "2039"]
[BlackElo "2287"]
[Annotator "TA"]
[PlyCount "60"]
[EventDate "2022.09.24"]
[EventType "swiss"]
[EventCountry "SVK"]
[SourceTitle "playchess.com"]
[Source "ChessBase"]
[SourceQuality "1"]
[TimeControl "40/5400+30:1800+30"]

1. e4 e6 2. d4 d5 3. exd5 exd5 4. Nf3 Bd6 5. Bd3 Bg4 6. h3 Bh5 7. Qe2+ {[%emt 0:04:45] C01: French: Exchange Variation.} Ne7 8. O-O (8. Nc3 $14) 8... Nbc6 $11 9. c3 {[%emt 0:00:33] The position is equal.} Qd7 10. Nbd2 O-O-O 11. b4 {[%emt 0:01:57] [#]} (11. Re1 $11) 11... Rde8 $146 {[%emt 0:01:55] White must now prevent ...Ng6.} ({Predecessor:} 11... Ng6 12. Bxg6 hxg6 13. Qd3 Qf5 14. Qxf5+ gxf5 15. Re1 f6 16. Nh2 Rde8 17. Bb2 g5 {0-1 (51) Karvinen,K (2100)-Galchenko,M (2418) Jyvaskyla 2020}) 12. Qd1 f6 13. b5 Nd8 14. Qa4 (14. c4 $11 {remains equal.}) 14... Kb8 $17 15. c4 dxc4 16. Bxc4 Ng6 17. Kh1 (17. Ba3 $15 {is superior.}) 17... Nf4 18. Ng1 g5 (18... Qf5 $142 $1 19. Qb3 Nde6 20. Bxe6 Qxe6) 19. Qb3 ({Better is} 19. Bb3) 19... Bg6 20. a4 h5 21. a5 h4 $40 {[%emt 0:16:38][%mdl 128] White needs to defend precisely.} 22. b6 $1 {[%emt 0:03:51] [#]} g4 $1 23. bxa7+ (23. Ba3 $17) 23... Ka8 ({Black should play} 23... Kxa7 $19 {Threatens to win with ...gxh3.} 24. d5 gxh3 25. Nxh3 Nxh3 26. Qxh3 Qxh3+ 27. gxh3 Nf7) 24. Bb2 $2 {[%emt 0:09:18][%mdl 8192] [#] Now White is beyond hope.} ({White should try} 24. Bb5 $15 Qg7 25. hxg4 (25. Bxe8 $2 Bxe8 26. hxg4 Qxg4 $19)) 24... gxh3 $1 $19 {[%emt 0:02:02] Active counter play!} 25. Nxh3 Qg4 26. Nxf4 Qxf4 27. Nf3 {[%emt 0:00:01] Inhibits Qh2+.} Be4 {[%emt 0:00:57] ( -> ...Bxf3)} 28. Bc1 (28. Ba3 $142 h3 29. g3 Qxf3+ 30. Qxf3 Bxf3+ 31. Kh2) 28... Qf5 29. Be2 Bd5 30. Bd3 Qxf3 {Weighted Error Value: White=1.08/Black=0.21 (precise)} (30... Qh3+ $142 31. gxh3 Bxf3+ 32. Kg1 Rhg8+ 33. Qxg8 Rxg8+ 34. Bg6 Rxg6+ 35. Bg5 Rxg5#) 0-1